 Dungeon Crawl Stone Soup version 0.15-a0-2246-gfd41422 (webtiles) character file.

49 Qrupt the Magician (level 3, 0/24 HPs)
             Began as a Demonspawn Wizard on July 26, 2014.
             Slain by a gnoll
             ... wielding a +0 flail
              (11 damage)
             ... on Level 2 of the Dungeon.
             The game lasted 00:05:32 (1473 turns).

Qrupt the Magician (Demonspawn Wizard)              Turns: 1473, Time: 00:05:33

HP   0/24        AC  2     Str  7      XL: 3   Next: 51%
MP   2/8         EV 12     Int 20      God:
Gold 46          SH  0     Dex 11      Spells:  2 memorised,  6 levels left

rFire  . . .     SeeInvis .     i - +0 club
rCold  . . .     Clarity  .     a - +0 robe
rNeg   . . .     rCorr    .     (no shield)
rPois  .         rRot     .     b - +0 hat
rElec  .         Spirit   .     (no cloak)
SustAb .         Warding  .     (no gloves)
rMut   .         Stasis   .     (no boots)
Gourm  .                        (no amulet)
MR     .....                    e - ring of wizardry
                                q - ring of wizardry

@: not resistant to hostile enchantments, unstealthy
A: horns 1
a: no special abilities


You were on level 2 of the Dungeon.
You were hungry.

You visited 1 branch of the dungeon, and saw 2 of its levels.

You collected 46 gold pieces.

Inventory:

Hand weapons
 f - a +0 short sword
 i - a +0 club (weapon)
Missiles
 k - 23 poisoned needles
Armour
 a - a +0 robe (worn)
 b - a +0 hat (worn)
Comestibles
 d - 4 bread rations
 h - a beef jerky
 s - a chunk of jackal flesh
Scrolls
 g - a scroll of teleportation {unknown}
 l - a scroll of identify {unknown}
 m - a scroll of magic mapping {unknown}
 n - a scroll of noise {unknown}
 p - a scroll of remove curse {unknown}
 r - a scroll of enchant weapon {unknown}
Jewellery
 e - a ring of wizardry (right hand)
 q - a ring of wizardry (left hand)
Potions
 j - a potion of might {unknown}
 o - a potion of heal wounds {unknown}
Books
 c - a book of Minor Magic

   Spells                             Type                      Level
   *Magic Dart                        Conjuration                  1
   *Blink                             Translocation                2
   Call Imp                           Summoning                    2
   Repel Missiles                     Charms/Air                   2
   Slow                               Hexes                        2
   Conjure Flame                      Conjuration/Fire             3
   Mephitic Cloud                     Conjuration/Poison/Air       3


   Skills:
 - Level 1.7 Dodging
 - Level 1.7 Stealth
 + Level 3.6 Spellcasting
 + Level 2.6 Conjurations
   Level 1.0 Summonings
 - Level 0.8 Translocations


You had 6 spell levels left.
You knew the following spells:

 Your Spells              Type           Power        Failure   Level  Hunger
a - Magic Dart            Conj           ##..         1%          1    None
b - Blink                 Tloc           N/A          4%          2    ##.....


Dungeon Overview and Level Annotations

Branches:
Dungeon (2/15)

Altars:


Innate Abilities, Weirdness & Mutations

You have a pair of small horns on your head.


Message History

The magic dart hits the gnoll.
The gnoll is moderately wounded.
The gnoll closely misses you.
Casting: Magic Dart
Confirm with . or Enter, or press ? or * to list all spells.
Aiming: Magic Dart
Press: ? - help, Shift-Dir - straight line, f/p - gnoll
Aim: a gnoll, wielding a flail (moderately wounded)
The magic dart hits the gnoll.
The gnoll is moderately wounded.
The gnoll closely misses you.
Casting: Magic Dart
Confirm with . or Enter, or press ? or * to list all spells.
Aiming: Magic Dart
Press: ? - help, Shift-Dir - straight line, f/p - gnoll
Aim: a gnoll, wielding a flail (moderately wounded)
The magic dart hits the gnoll.
The gnoll is heavily wounded.
The gnoll hits you with a flail!
You die...

......#.......# +...g.g+........#
##...S..#........#
.......g#........#
#.......#........#
#................#
#..<....#%#......# ##
#.......#.######## ....
####.......#.##.@g.########>...
...........#g##.##...%.........
.........).#.##.####............
.........#.#.##...<#............
.........#.#)#######............
.........#.#....g..'.............
.........#.....#####.........[...
.........###...### #...........##
.........##......# #...........#


You could see a gnoll.

Vanquished Creatures
  An adder (D:2)
  A gnoll (D:2)
  A worm (D:1)
  A giant gecko (D:1)
  2 giant cockroaches (D:1)
  3 hobgoblins (D:1)
  3 jackals (D:2)
  A bat (D:1)
  2 giant newts (D:1)
  4 kobolds
  7 rats
26 creatures vanquished.

Notes
Turn   | Place    | Note
--------------------------------------------------------------
     0 | D:1      | Qrupt, the Demonspawn Wizard, began the quest for the Orb.
     0 | D:1      | Reached XP level 1. HP: 13/13 MP: 4/4
   286 | D:1      | Gained mutation: You have a pair of small horns on your head. [demonic ancestry]
   286 | D:1      | Reached XP level 2. HP: 19/19 MP: 0/6
   479 | D:1      | Learned a level 2 spell: Blink
  1267 | D:2      | Reached XP level 3. HP: 17/24 MP: 1/8
  1473 | D:2      | Slain by a gnoll

Action                   || total
-------------------------++-------
Melee: Unarmed           ||     7
       Club              ||     6
 Cast: Magic Dart        ||    78
 Stab: Sleeping          ||     1
  Eat: Chunk             ||     1
